 Dungeon Crawl Stone Soup version 0.21.1-1-g345015fe64 (webtiles) character file.

848 rtentser the Covered (level 7, -13/61 HPs)
             Began as a Minotaur Fighter on Mar 16, 2018.
             Killed by divine providence
             ... invoked by an orc priest
              (17 damage)
             ... on level 5 of the Dungeon.
             The game lasted 00:32:21 (3829 turns).

rtentser the Covered (Minotaur Fighter)             Turns: 3829, Time: 00:32:22

Health: -13/61     AC: 10    Str: 22    XL:     7   Next: 69%
Magic:  6/6        EV:  7    Int:  5    God:
Gold:   296        SH: 10    Dex: 10    Spells: 6/6 levels left

rFire    . . .     SeeInvis .   a - +1 long sword
rCold    . . .     Gourm    .   c - +0 shield
rNeg     + . .     Faith    .   m - +0 chain mail
rPois    .         Spirit   .   (helmet restricted)
rElec    .         Reflect  .   (no cloak)
rCorr    .         Harm     .   (no gloves)
MR       .....                  (no boots)
Stlth    ..........             (no amulet)
HPRegen  0.20/turn              i - ring of positive energy
MPRegen  0.10/turn              (no ring)

@: no status effects
A: retaliatory headbutt, horns 2
a: no special abilities


You were on level 5 of the Dungeon.
You were not hungry.

You visited 1 branch of the dungeon, and saw 5 of its levels.

You collected 296 gold pieces.

Inventory:

Hand Weapons
 a - a +1 long sword (weapon)
Armour
 b - a +0 scale mail
 c - a +0 shield (worn)
 m - a +0 chain mail (worn)
Jewellery
 i - a ring of positive energy (left hand)
Wands
 o - a wand of acid (10)
Scrolls
 d - a scroll of fog
 e - 4 scrolls of immolation
 g - 3 scrolls of remove curse
 j - 5 scrolls of identify
 k - 5 scrolls of teleportation
 l - a scroll of amnesia
Books
 n - a book of Maledictions

   Spells                             Type                      Level
   a - Corona                         Hexes                        1
   b - Ensorcelled Hibernation        Hexes/Ice                    2
   c - Confuse                        Hexes                        3
   d - Tukima's Dance                 Hexes                        3
   e - Dazzling Spray                 Conjuration/Hexes            3
Comestibles
 f - 6 rations


   Skills:
 + Level 5.2 Fighting
 + Level 6.3 Long Blades
 + Level 6.4 Armour
 + Level 2.0 Dodging
 + Level 6.2 Shields


You had 6 spell levels left.
You didn't know any spells.

Dungeon Overview and Level Annotations

Branches:
Dungeon (5/15)
 Temple: D:4-7

Altars:
Dithmenos
Elyvilon
Hepliaklqana
Nemelex Xobeh
Xom
Zin


Innate Abilities, Weirdness & Mutations

You reflexively headbutt those who attack you in melee.
You have a pair of horns on your head.


Message History

The adder is severely wounded.
You block the adder's attack.
The orc priest looks encouraged for a moment.
The adder bites you but does no damage.
You miss the adder.
The adder is severely wounded.
You block the adder's attack.
The orc priest invokes the aid of Beogh against you.
Beogh smites you!
* * * LOW HITPOINT WARNING * * *
You slash the adder!
You kill the adder!
You hit the leopard gecko.
You kill the leopard gecko!
You barely miss the ogre. Your headbutt misses the ogre.
The ogre hits you with a giant club!
* * * LOW HITPOINT WARNING * * *
The orc priest invokes the aid of Beogh against you.
Beogh smites you!
You die...

###...#.## .###.....#..#
##........#..# #............#
. # #$.......##..# . ..##.
#........#..## ##..
.....##............####.....
#........>....#.#.#........
###.#.......@O.#..........#
...............o.o....#####
#.......#..#.....#o#########
#....##.....###.##o.....##.#
#.......#........o.o..l.##.#
#...###.#..###.............##
.. #..................o##..#
# #......###.###.......o...
#......##..# #......#....


You could see an ogre, 2 orc priests, an orc wizard and an orc.

Vanquished Creatures
  An orc warrior (D:4)
  An ice beast (D:5)
  A phantom (D:5)
  A water moccasin zombie (D:3)
  2 scorpions
  2 crimson imps (D:5)
  A jelly (D:5)
  An orc priest (D:5)
  2 orc wizards (D:3)
  A worker ant (D:4)
  5 adders
  4 gnolls
  An ooze (D:3)
  An adder skeleton (D:5)
  A worm (D:3)
  A dart slug (D:1)
  7 leopard geckos
  14 orcs
  7 giant cockroaches
  6 goblins
  8 hobgoblins
  16 jackals
  A quokka (D:3)
  2 ball pythons
  A ball python skeleton (D:4)
  8 bats
  4 frilled lizards
  6 kobolds
  8 rats
114 creatures vanquished.

Notes
Turn   | Place    | Note
-------+----------+-------------------------------------------
     0 | D:1      | rtentser the Minotaur Fighter began the quest for the Orb.
     0 | D:1      | Reached XP level 1. HP: 19/19 MP: 0/0
   335 | D:1      | Reached XP level 2. HP: 23/27 MP: 1/1
   556 | D:1      | Reached XP level 3. HP: 25/33 MP: 2/2
   994 | D:2      | Found a shadowy altar of Dithmenos.
   994 | D:2      | Found a glowing silver altar of Zin.
  1336 | D:2      | Reached XP level 4. HP: 35/40 MP: 3/3
  1523 | D:3      | Reached skill level 5 in Armour
  1525 | D:3      | Reached XP level 5. HP: 13/46 MP: 4/4
  2086 | D:3      | Found a white marble altar of Elyvilon.
  2456 | D:3      | Found a sparkling altar of Nemelex Xobeh.
  2505 | D:3      | Reached skill level 5 in Shields
  2624 | D:4      | Reached XP level 6. HP: 46/53 MP: 5/5
  2639 | D:4      | Noticed an orc warrior
  2646 | D:4      | Killed an orc warrior
  2646 | D:4      | Reached skill level 1 in Dodging
  2865 | D:4      | Reached skill level 5 in Long Blades
  3096 | D:4      | Found a shimmering altar of Xom.
  3424 | D:5      | Entered Level 5 of the Dungeon
  3430 | D:5      | Found a hazy altar of Hepliaklqana.
  3446 | D:5      | Reached XP level 7. HP: 45/60 MP: 6/6
  3590 | D:5      | Reached skill level 5 in Fighting
  3823 | D:5      | HP: 3/61 [ogre/giant club (14)]
  3829 | D:5      | Killed from afar by an orc priest

Skill      XL: |  1  2  3  4  5  6  7 |
---------------+----------------------+-----
Fighting       | 4 5 |  5.2
Armour         | 4 5 6 |  6.4
Shields        | 4 5 6 |  6.2
Long Blades    | 3 4 5 6 |  6.3
Dodging        | 1 2 |  2.0

Action                   |  1- 3 |  4- 6 |  7- 9 || total
-------------------------+-------+-------+-------++-------
Melee: Long sword        |    80 |   199 |    75 ||   354
       Headbutt          |     8 |    34 |    12 ||    54
  Use: Scroll            |     6 |     1 |     1 ||     8
       Potion            |     2 |     3 |     2 ||     7
  Eat: Chunk             |     1 |     7 |     2 ||    10
Armor: Scale mail        |    38 |    21 |       ||    59
       Chain mail        |       |    84 |    26 ||   110
Dodge: Dodged            |    37 |    50 |    11 ||    98
Block: Shield            |    50 |   119 |    27 ||   196
       Rpst.: Long sword |    13 |    17 |     3 ||    33
